 Seeded DCSS version 0.30-a0-948-g4fa250aae5 (webtiles) character file.

Game seed: 3841577309390396182 (custom seed)

312 bmack86 the Trooper (level 6, -4/56 HPs)
             Began as a Minotaur Fighter on Mar 26, 2023.
             Slain by Blork the orc
             ... wielding a +1 dire flail of holy wrath
              (7 damage)
             ... on level 4 of the Dungeon.
             The game lasted 00:07:48 (2998 turns).

bmack86 the Trooper (Minotaur Fighter)              Turns: 2998, Time: 00:07:49

Health: -4/56      AC:  8    Str: 22    XL:     6   Next: 18%
Magic:  0/5        EV:  6    Int:  5    God:
Gold:   287        SH: 14    Dex: 10    Spells: 5/5 levels left

rFire   . . .      SeeInvis .    a - +0 war axe
rCold   . . .      Faith    .    y - +2 tower shield of the Endless Expanse {Will+ Regen+}
rNeg    . . .      Spirit   +    b - +0 scale mail
rPois   .          Reflect  .    (helmet restricted)
rElec   .          Rampage  .    s - +0 cloak
rCorr   .                        (no gloves)
Will    +....                    (no boots) Stlth
                                 i - amulet of guardian spirit
HPRegen 1.09/turn                (no ring)
MPRegen 0.09/turn                (no ring)

@: studying Fighting
A: horns 2, retaliatory headbutt
a: no special abilities


You were on level 4 of the Dungeon.
You visited 1 branch of the dungeon, and saw 5 of its levels.

You collected 311 gold pieces.
You spent 24 gold pieces at shops.

Inventory:

Hand Weapons
 a - a +0 war axe (weapon)
Missiles
 l - a throwing net
 p - 3 poisoned darts (quivered)
Armour
 b - a +0 scale mail (worn)
 s - a +0 cloak (worn)
 y - the +2 tower shield of the Endless Expanse (worn) {Will+ Regen+}
   (You found it on level 3 of the Dungeon)

   Regen:     It increases your rate of health regeneration.
   Will:      It increases your willpower.
Jewellery
 i - an amulet of guardian spirit (around neck)
Wands
 n - a wand of charming (7)
 r - a wand of polymorph (9)
Scrolls
 e - a scroll of blinking {unknown}
 f - a scroll of noise {unknown}
 h - 2 scrolls of immolation {unknown}
 k - 5 scrolls of magic mapping {unknown}
 m - 2 scrolls of teleportation {unknown}
 o - a scroll of amnesia {unknown}
 z - a scroll of fear {unknown}
 A - a scroll of enchant armour {unknown}
 B - 2 scrolls of poison {unknown}
Potions
 c - 2 potions of attraction {unknown}
 d - 2 potions of might
 g - 5 potions of curing {unknown}
 j - 2 potions of magic
 q - a potion of haste {unknown}
 t - a potion of flight {unknown}
 v - 2 potions of degeneration {unknown}
 w - 2 potions of invisibility {unknown}
 x - a potion of heal wounds {unknown}
 C - a potion of resistance {unknown}


   Skills:
 + Level 5.2 Fighting
 * Level 5.2 Axes
 + Level 1.8 Throwing
 + Level 4.8 Armour
 + Level 4.7 Shields


You had 5 spell levels left.
You didn't know any spells.
Your spell library contained the following spells:

 Spells                   Type           Power      Damage    Failure   Level
 Blink                    Tloc           0%         N/A       100%        2
 Frozen Ramparts          Ice            0%         1d1       100%        3
 Ignite Poison            Fire/Tmut/Pois 0%         N/A       100%        3
 Inner Flame              Hex/Fire       0%         N/A       100%        3
 Kindle Blastsparks       Fire/Tloc/Air  0%         2d10      100%        3
 Cause Fear               Hex            0%         N/A       100%        4
 Ice Form                 Ice/Tmut       0%         N/A       100%        4
 Manifold Assault         Tloc           0%         N/A       100%        4
 Summon Ice Beast         Ice/Summ       0%         N/A       100%        4
 Freezing Cloud           Conj/Ice/Air   0%         6-21      100%        5
 Storm Form               Tmut/Air       0%         N/A       100%        7
 Discord                  Hex            0%         N/A       100%        8


Dungeon Overview and Level Annotations

Branches:
Dungeon (5/15)
 Temple: D:4-7

Altars:

Shops:
D:3 ?   D:4 =[(

Annotations:
D:4 Blork the orc


Innate Abilities, Weirdness & Mutations

You have a pair of horns on your head.
You reflexively headbutt those who attack you in melee.


Message History

You barely miss Blork the orc. You headbutt Blork the orc!
Blork the orc is severely wounded.
You block Blork the orc's attack.
Blork the orc gestures at you while chanting.
The magic dart hits you!
Blork the orc hits you but does no damage.
You hit Blork the orc but do no damage.
Blork the orc is severely wounded.
Blork the orc miscasts a cantrip.
You block Blork the orc's attack.
You hit Blork the orc but do no damage.
Blork the orc is severely wounded.
Blork the orc hits you with a +1 dire flail of holy wrath!
Blork the orc closely misses you.
You closely miss Blork the orc.
Blork the orc is severely wounded.
You block Blork the orc's attack.
Blork the orc hits you with a +1 dire flail of holy wrath.
You block Blork the orc's attack.
You barely miss Blork the orc.
Blork the orc is severely wounded.
You block Blork the orc's attack.
Blork the orc hits you with a +1 dire flail of holy wrath!
You barely miss Blork the orc.
You headbutt Blork the orc, but do no damage.
Blork the orc is heavily wounded.
Blork the orc hits you with a +1 dire flail of holy wrath!
* * * LOW HITPOINT WARNING * * *
You block Blork the orc's attack.
You closely miss Blork the orc.
Blork the orc is heavily wounded.
Blork the orc closely misses you. You furiously retaliate!
You headbutt Blork the orc, but do no damage.
Blork the orc hits you with a +1 dire flail of holy wrath!
* * * LOW HITPOINT WARNING * * *
Blork the orc hits you but does no damage.
You slash Blork the orc!
Blork the orc is almost dead.
Blork the orc hits you with a +1 dire flail of holy wrath!
You die...

#.................#..
#..........[#.#.#....
##...................
###.....#...#.#.#.#..
#...#####.#..........
####.######....#.#.#....
#.......................
#.(...†.#......#.#.#....
#.....o@#............#..
######.........#.#.#.#..
###..............##.#
##[..##...[..#.#.###.#
#######..######.........##..
#..........####....#.#.#...#
#..........##...............
#.............#....#.#.###.#
#..........####..#......##.#


You could see Blork the orc (fast).

Vanquished Creatures
  A scorpion (D:4)
  2 hounds
  Crazy Yiuf (D:2)
  Natasha (D:2)
  6 adders
  A worm (D:4)
  A dart slug (D:3)
  2 orcs
  7 ball pythons
  6 endoplasms
  2 giant cockroaches
  9 goblins
  9 hobgoblins
  4 jackals (D:1)
  3 quokkas
  3 bats
  2 frilled lizards
  7 kobolds
  5 rats
72 creatures vanquished.

Vanquished Creatures (others)
  5 fungi (D:5)
5 creatures vanquished.

Grand Total: 77 creatures vanquished

Notes
Turn   | Place    | Note
-------+----------+-------------------------------------------
     0 | D:1      | bmack86 the Minotaur Fighter began the quest for the Orb.
     0 | D:1      | Reached XP level 1. HP: 19/19 MP: 0/0
   154 | D:1      | Reached XP level 2. HP: 15/27 MP: 1/1
   737 | D:1      | Reached XP level 3. HP: 33/33 MP: 2/2
  1183 | D:2      | Found a runed translucent door.
  1184 | D:2      | Noticed Crazy Yiuf
  1189 | D:2      | Paralysed by Crazy Yiuf for 2 turns
  1194 | D:2      | Killed Crazy Yiuf
  1279 | D:2      | Reached XP level 4. HP: 36/40 MP: 1/3
  1349 | D:2      | Noticed Natasha
  1357 | D:2      | Killed Natasha
  1781 | D:3      | Found Ruoj Bon's Magic Scroll Boutique.
  1791 | D:3      | Bought a scroll of identify for 24 gold pieces
  1956 | D:3      | Reached skill level 1 in Throwing
  2008 | D:3      | Reached XP level 5. HP: 47/47 MP: 4/4
  2160 | D:3      | Identified the +2 tower shield of the Endless Expanse
                  | {Will+ Regen+}
  2496 | D:4      | Found Zirchise's Armour Emporium.
  2497 | D:4      | Found Quoxoum's Weapon Shoppe.
  2898 | D:4      | Reached skill level 5 in Fighting
  2898 | D:4      | Reached skill level 5 in Axes
  2898 | D:4      | Found Okkemaoc's Jewellery Emporium.
  2944 | D:5      | Entered Level 5 of the Dungeon
  2945 | D:5      | Noticed Blork the orc
  2954 | D:5      | Reached XP level 6. HP: 42/56 MP: 3/5
  2997 | D:4      | HP: 1/56 [Blork the orc/+1 dire flail of holy wrath (13)]
  2998 | D:4      | Slain by Blork the orc

Illustrated notes

Levels and vault maps discovered:
D:1:      psy_arrival_basics, layout_loops_ring
D:2:      layout_loops_corners, minivault_4, uniq_crazy_yiuf_cottage,
          uniq_natasha
D:3:      layout_basic, serial_shops, nicolae_shop_crystal, item_on_display_a
D:4:      layout_rooms, serial_shops, nicolae_shop_crystal, shop,
          nicolae_shop_hallway_plus, st_stairs_13, grunt_decor_arrowhead
D:5:      corexii_shack_village, layout_basic, chequers_serial_rivers_micro_e,
          dreamdust_gnoll_farm, uniq_blork_the_orc

Skill      XL: |  1  2  3  4  5 |
---------------+----------------+-----
Axes           | 3 4 5 |  5.2
Shields        | 4 |  4.7
Armour         | 4 |  4.8
Fighting       | 4 5 |  5.2
Throwing       | 1 |  1.8

Action                     |  1- 3 |  4- 6 || total
---------------------------+-------+-------++-------
  Melee: War axe           |    61 |    98 ||   159
         Headbutt          |    10 |    17 ||    27
  Throw: Throwing net      |       |     1 ||     1
         Dart              |       |     1 ||     1
    Use: Scroll            |       |     2 ||     2
 Armour: Scale mail        |    24 |    60 ||    84
  Dodge: Dodged            |    30 |    39 ||    69
  Block: Buckler           |    19 |     7 ||    26
         Tower shield      |       |    52 ||    52

Table legend: (Time is in decaauts)
 A = Elapsed time spent in this place.
 B = Non-inter-level travel time spent in this place.
 C = Inter-level travel time spent in this place.
 D = Time resting spent in this place.
 E = Time spent auto-exploring this place.
 F = Levels seen in this place.
 G = Mean time per level.
                   A        B        C        D        E       F      G
               +--------+--------+--------+--------+--------+-----+--------+
         Total |   3073 |   3008 |     65 |     19 |   2149 |   5 |  614.6 |
       Dungeon |   3073 |   3008 |     65 |     19 |   2149 |   5 |  614.6 |
               +--------+--------+--------+--------+--------+-----+--------+

Top non-repeatable levels by time:
     D:2: 963 daAuts
     D:1: 816 daAuts
     D:3: 761 daAuts
     D:4: 516 daAuts
     D:5: 14 daAuts
